 Dungeon Crawl Stone Soup version 0.31-a0-459-gc8a9bf3d51 (webtiles) character file.

Game seed: 2760278506323105936

4 Ethylacetat the Insei (level 1, -1/11 HPs)
             Began as a Vine Stalker Monk on Aug 4, 2023.
             Slain by a kobold
             ... wielding a +0 dagger
              (2 damage)
             ... on level 1 of the Dungeon.
             The game lasted 00:00:07 (46 turns).

Ethylacetat the Insei (Vine Stalker Monk)             Turns: 46, Time: 00:00:07

Health: -1/11      AC:  2    Str: 13    XL:     1   Next: 60%
Magic:  0/2        EV: 12    Int: 10    God:
Gold:   0          SH:  0    Dex: 16    Spells: 0/0 levels left

rFire   . .          .
                       - Unarmed
rCold   . . .        c - orb {light}
rNeg    . . .        a - +0 robe
rPois   .            (no helmet)
rElec   .            (no cloak)
rCorr   .            (no gloves)
SInv    .            (no boots)
Will    .....        (no amulet)
Stlth   +            (no ring)
HPRegen 0.21/turn    (no ring)
MPRegen 0.08/turn

%: guardian spirit
@: glowing
A: fangs 2, magic shield, antimagic bite, no potion heal 2
a: no special abilities


You were on level 1 of the Dungeon.
You visited 1 branch of the dungeon, and saw 1 of its levels.

Inventory:

Armour
 a - a +0 robe (worn)
 c - an orb of light (worn)
Potions
 b - a potion of ambrosia


   Skills:
 + Level 2.7 Fighting
 + Level 2.5 Dodging
 + Level 3.0 Unarmed Combat


You couldn't memorise any spells.
You didn't know any spells.
Your spell library was empty.

Dungeon Overview and Level Annotations

Branches:
Dungeon (1/15)

Altars:


Innate Abilities, Weirdness & Mutations

You have extremely sharp teeth.
When hurt, damage is shared between your health and your magic reserves.
Your bite disrupts and absorbs the magic of your enemies.
Potions cannot restore your health.


Message History

A quokka, a bat and a kobold come into view.
The kobold shouts!
A bat comes into view.
The bat moves out of view.
Found 11 gold pieces.
The bat hits you.
There are monsters nearby!
You barely miss the bat. You bite the bat, but do no damage.
The bat closely misses you. The bat misses you.
Found a scroll labelled UJYDUNL PU XUGRA.
The bat hits you. The bat hits you but does no damage.
The quokka closely misses you.
You hit the bat. You bite the bat.
You kill the bat!
The bat hits you but does no damage. The kobold barely misses you.
The quokka bites you.
You hit the bat.
You kill the bat!
The kobold barely misses you. The quokka closely misses you.
You hit the kobold but do no damage. You bite the kobold. You drain its power.
You feel invigorated.
The kobold is heavily wounded.
The kobold hits you with a +0 dagger. The quokka bites you.
You are too injured to fight recklessly!
You are too injured to fight recklessly!
There are monsters nearby!
You are too injured to fight recklessly!
You are too injured to fight recklessly!
There are monsters nearby!
You are too injured to fight recklessly!
You are too injured to fight recklessly!
Unknown command.
You barely miss the kobold.
The kobold is heavily wounded.
The kobold hits you with a +0 dagger.
* * * LOW HITPOINT WARNING * * *
The quokka barely misses you.
You barely miss the kobold.
The kobold is heavily wounded.
The quokka barely misses you. The kobold hits you with a +0 dagger.
You die...

#. .. ...######
#.#####.### ........#
##$#........ .........
...$...$...
........####.#....?...
..>......##..#........
......................
..............†K......
#>.....⌠..>.!@.......
....♣♣♣..#####.r......
# ♣♣♣♣♣♣.## #........
♣♣∩∩∩♣♣..###$.......
♣∩...∩....#.......##
♣.....♣♣♣...##....#
♣∩.♣.♣.∩♣ ..## #...#
.... ♣<♣.∩♣ $.# .?.#
..♣♣ ♣.♣.∩♣ ##


You could see a quokka and a kobold.

Vanquished Creatures
  2 bats (D:1)
  A hobgoblin (D:1)
  A rat (D:1)
4 creatures vanquished.

Notes
Turn   | Place    | Note
-------+----------+-------------------------------------------
     0 | D:1      | Ethylacetat the Vine Stalker Monk began the quest for the
                  | Orb.
     0 | D:1      | Reached XP level 1. HP: 11/11 MP: 2/2
    46 | D:1      | Slain by a kobold

Illustrated notes

Levels and vault maps discovered:
D:1:      heliophobic_arrival_henge, layout_rooms, serial_bayou_pond_d

Action                     || total
---------------------------++-------
  Melee: Unarmed           ||     9
         Bite              ||     3
 Armour: Robe              ||     2
  Dodge: Dodged            ||     8

Table legend: (Time is in decaauts)
 A = Elapsed time spent in this place.
 B = Non-inter-level travel time spent in this place.
 C = Inter-level travel time spent in this place.
 D = Time resting spent in this place.
 E = Time spent auto-exploring this place.
 F = Levels seen in this place.
 G = Mean time per level.
                   A        B        C        D        E       F      G
               +--------+--------+--------+--------+--------+-----+--------+
         Total |     45 |     45 |      0 |      0 |     31 |   1 |   45.0 |
       Dungeon |     45 |     45 |      0 |      0 |     31 |   1 |   45.0 |
               +--------+--------+--------+--------+--------+-----+--------+

Top non-repeatable levels by time:
     D:1: 45 daAuts
